 Dungeon Crawl Stone Soup version 0.29.1-12-g30fa7ad0bf (webtiles) character file.

Game seed: 10479345336080195440

31 xian the Sneak (level 3, -3/21 HPs)
             Began as an Octopode Enchanter on Dec 22, 2022.
             Killed by nerve-wracking pain
             ... invoked by Jessica
              (7 damage)
             ... on level 2 of the Dungeon.
             The game lasted 00:03:05 (1739 turns).

xian the Sneak (Octopode Enchanter)                 Turns: 1739, Time: 00:03:06

Health: -3/21      AC:  1    Str:  9    XL:     3   Next: 22%
Magic:  6/6        EV: 13    Int: 17    God:
Gold:   80         SH:  0    Dex: 12    Spells: 6/6 levels left

rFire   . . .      SeeInvis .   j - +5 dagger
rCold   . . .      Faith    .   (no shield)
rNeg    . . .      Spirit   .   (helmet restricted)
rPois   .          Reflect  .   (no amulet)
rElec   .          Harm     .   (no ring)
rCorr   .          Rampage  .   (no ring)
Will    .....                   (no ring)
Stlth   ++++......              (no ring)
HPRegen 0.07/turn               (no ring)
MPRegen 0.10/turn               (no ring)
                                (no ring)
                                (no ring)

@: invisible
A: almost no armour, amphibious, 8 rings, camouflage 1, gelatinous body 1,
(nimble swimmer 1), tentacles
a: no special abilities


You were on level 2 of the Dungeon.
You visited 1 branch of the dungeon, and saw 2 of its levels.

You collected 80 gold pieces.

Inventory:

Hand Weapons
 j - a +5 dagger (weapon)
Missiles
 d - 4 poisoned darts (quivered)
 i - 15 stones
Jewellery
 l - a +6 ring of intelligence
Scrolls
 a - a scroll of magic mapping {unknown}
 c - 2 scrolls of silence {unknown}
 e - a scroll of blinking {unknown}
 k - a scroll of poison {unknown}
Potions
 b - a potion of invisibility
 f - a potion of attraction {unknown}
 g - a potion of resistance {unknown}
 h - a potion of haste {unknown}


   Skills:
 + Level 1.3 Short Blades
 + Level 2.2 Dodging
 + Level 4.6 Stealth
 + Level 2.1 Spellcasting
 + Level 3.5 Hexes


You had 6 spell levels left.
You didn't know any spells.
Your spell library contained the following spells:

 Spells                   Type           Power      Damage    Failure   Level
 Ensorcelled Hibernation  Hex/Ice        14%        N/A       14%         2
 Confusing Touch          Hex            13%        N/A       14%         3
 Tukima's Dance           Hex            13%        N/A       14%         3
 Dazzling Flash           Conj/Hex       14%        N/A       28%         3
 Portal Projectile        Hex/Tloc       14%        N/A       28%         3
 Call Canine Familiar     Summ           1%         N/A       50%         3
 Leda's Liquefaction      Hex/Erth       3%         N/A       67%         4


Dungeon Overview and Level Annotations

Branches:
Dungeon (2/15)

Altars:

Annotations:
D:2 Jessica, Sigmund


Innate Abilities, Weirdness & Mutations

You cannot wear most types of armour.
You are amphibious.
You can wear up to eight rings at the same time.
Your skin changes colour to match your surroundings (Stealth+).
Your rubbery body absorbs attacks. (AC +1, EV +1)
((You are camouflaged when in or above water. (Stealth+)))
You have tentacles for arms and can constrict up to eight enemies at once.


Message History

A rat comes into view.
A rat is nearby!
You see here a +6 ring of intelligence.
The rat barely misses you.
You puncture the rat!
You kill the rat!
Sigmund the Dreaded comes into view.
He is wielding a +1 scythe of flaming.
Sigmund is nearby!
Sigmund shouts!
You hear a shout!
Sigmund hits you with a +1 scythe of flaming!
Ouch! That really hurt!
Sigmund burns you.
* * * LOW HITPOINT WARNING * * *
You barely miss Sigmund. You grab Sigmund.
You constrict Sigmund, but do no damage.
Sigmund closely misses you.
You hit Sigmund. You squeeze Sigmund!
Sigmund is moderately wounded.
You constrict Sigmund, but do no damage.
Jessica the Apprentice Sorceress comes into view.
She is wielding a +0 club and carrying a wand of quicksilver (15).
You fade into invisibility!
You constrict Sigmund.
Sigmund mumbles some strange words.
Sigmund flickers and vanishes!
Deactivating autopickup; reactivate with Ctrl-A.
You release your grip on something.
You hear some strange, mumbled words.
A puff of flame appears from out of thin air!
Jessica zaps a wand.
The bolt of dispelling energy hits something!
Reactivating autopickup.
Sigmund's magical effects unravel!
The bolt of dispelling energy misses you.
Jessica zaps a wand.
The bolt of dispelling energy misses you.
You see here a +6 ring of intelligence.
l - a +6 ring of intelligence Jessica gestures at you while chanting.
Pain shoots through your body!
You die...

##.. #.
#.#####..### #..
#.......##.# #.#
....@......# #.#
#...######@###.#
.
###..##.#######
..
#.............
..
.###..@....#..##
##
......>....@..#
.
............###
..###.......# #
#.............#
##..
...##.......#
...#
#..##.......# ##
...........# # .
..#.......# ##..
#.####....###.


You could see Sigmund (wandering, unable to see you) and Jessica (unable to see
you).

Vanquished Creatures
  2 dart slugs (D:1)
  3 ball pythons
  3 bats
  4 endoplasms
  2 goblins (D:1)
  2 hobgoblins (D:1)
  4 kobolds
  A quokka (D:1)
  2 frilled lizards (D:1)
  A rat (D:2)
24 creatures vanquished.

Notes
Turn   | Place    | Note
-------+----------+-------------------------------------------
     0 | D:1      | xian the Octopode Enchanter began the quest for the Orb.
     0 | D:1      | Reached XP level 1. HP: 11/11 MP: 3/3
   118 | D:1      | Reached XP level 2. HP: 2/17 MP: 5/5
  1220 | D:1      | Reached XP level 3. HP: 21/21 MP: 6/6
  1721 | D:2      | Noticed Sigmund
  1727 | D:2      | Noticed Jessica
  1739 | D:2      | Killed from afar by Jessica

Illustrated notes

Levels and vault maps discovered:
D:1:      dpeg_arrival_more_subterranean_lakeside_camping, layout_basic
D:2:      layout_rooms, uniq_jessica, uniq_sigmund

Action                   || total
-------------------------++-------
Melee: Dagger            ||    50
       Constrict         ||    13
       Tentacles         ||     9
       Punch             ||     1
  Use: Potion            ||     1
 Stab: Sleeping          ||     8
Dodge: Dodged            ||    39
